 Dungeon Crawl Stone Soup version 0.29.1-15-g9cfb28693d (webtiles) character file.

Game seed: 5233830302727874920

3 Ast3rio the Poker (level 1, -2/20 HPs)
             Began as a Minotaur Berserker on Mar 28, 2023.
             Was a Follower of Trog.
             Slain by an orc
             ... wielding a +0 club
              (5 damage)
             ... on level 2 of the Dungeon.
             The game lasted 00:00:08 (107 turns).

Ast3rio the Poker (Minotaur Berserker)               Turns: 107, Time: 00:00:08

Health: -2/20      AC:  2    Str: 21    XL:     1   Next: 41%
Magic:  0/0        EV: 12    Int:  4    God:    Trog [*.....]
Gold:   0          SH:  0    Dex:  9    Spells: 0/0 levels left

rFire   . . .      SeeInvis .   a - +0 spear
rCold   . . .      Faith    .   (no shield)
rNeg    . . .      Spirit   .   b - +0 animal skin
rPois   .          Reflect  .   (helmet restricted)
rElec   .          Harm     .   (no cloak)
rCorr   .          Rampage  .   (no gloves)
Will    .....                   (no boots)
Stlth   +.........              (no amulet)
HPRegen 0.06/turn               (no ring)
MPRegen 0.07/turn               (no ring)

@: no status effects
A: horns 2, retaliatory headbutt
a: Renounce Religion, Berserk


You were on level 2 of the Dungeon.
You worshipped Trog.
Trog was aware of your devotion.
You visited 1 branch of the dungeon, and saw 2 of its levels.

Inventory:

Hand Weapons
 a - a +0 spear (weapon)
Armour
 b - a +0 animal skin (worn)
Potions
 c - a potion of lignification {unknown}


   Skills:
 + Level 3.7 Fighting
 + Level 3.8 Polearms
 + Level 2.4 Armour
 + Level 2.2 Dodging


You couldn't memorise any spells.
You didn't know any spells.
Your spell library was empty.

Dungeon Overview and Level Annotations

Branches:
Dungeon (2/15)

Altars:

Shops:
D:2 *


Innate Abilities, Weirdness & Mutations

You have a pair of horns on your head.
You reflexively headbutt those who attack you in melee.


Message History

The bat hits you but does no damage.
An orc comes into view. It is wielding a +0 short sword.
The bat closely misses you. The bat barely misses you. You furiously retaliate!
You headbutt the bat.
You kill the bat!
Trog accepts your kill. The bat misses you.
A quokka comes into view.
A dart slug comes into view.
The bat hits you but does no damage. The quokka barely misses you.
A rat comes into view.
Found a book of Weapons.
Found a stone staircase leading up.
The bat hits you. The quokka barely misses you.
The orc hits you with a +0 short sword of draining.
You feel drained. The quokka closely misses you. The rat bites you.
A rat comes into view.
You hit the orc but do no damage. You headbutt the orc!
You kill the orc!
Trog accepts your kill. The bat hits you but does no damage.
The quokka bites you. The rat bites you. The orc hits you with a +0 club.
Your life force feels restored.
You puncture the orc!
The orc is almost dead.
The bat barely misses you. You furiously retaliate!
You headbutt the bat!
You kill the bat!
Trog accepts your kill. The quokka bites you.
* * * LOW HITPOINT WARNING * * *
You closely miss the quokka. Your headbutt misses the quokka.
The rat bites you but does no damage. The orc hits you with a +0 club.
* * * LOW HITPOINT WARNING * * *
The orc barely misses you. The quokka closely misses you.
You closely miss the quokka. Your punch misses the quokka.
The orc hits you but does no damage. The rat barely misses you.
The orc misses you. x2
The quokka bites you but does no damage.
You closely miss the quokka. The orc hits you with a +0 club.
* * * LOW HITPOINT WARNING * * *
The orc hits you with a +0 club.
You die...

#..§§§..##..#
#.§≈§§...#..#
###.§§§.≈......
..≈..∩..§....
#.≈...§....#
#..≈.≈..# <#
####...≈.ro#w.###.
#....<...o@orr....
#.##...###r##.###.
##.## #.# #.. ...
### #.#. :.##. #.#
.# #.# .


You could see a dart slug, 3 orcs, a quokka and 3 rats.

Vanquished Creatures
  An orc (D:2)
  2 bats (D:2)
3 creatures vanquished.

Notes
Turn   | Place    | Note
-------+----------+-------------------------------------------
     0 | D:1      | Ast3rio the Minotaur Berserker began the quest for the Orb.
     0 | D:1      | Reached XP level 1. HP: 19/19 MP: 0/0
    97 | D:2      | Found Nagguoxe's General Store.
   107 | D:2      | Slain by an orc

Illustrated notes

Levels and vault maps discovered:
D:1:      dpeg_arrival_concentric_ovals, layout_basic,
          chequers_ecumenical_altar_simple_redux, serial_shops,
          nicolae_shop_hallway_stairs
D:2:      layout_loops_ring, serial_shops, nicolae_diamond_shop

Action                   || total
-------------------------++-------
Melee: Spear             ||     5
       Headbutt          ||     1
Armor: Animal skin       ||     6
Dodge: Dodged            ||    12
